[Event "Late-Titled-Tuesday-Blitz-April-02-2024"]
[Site "Chess.com"]
[Date "2024.04.02"]
[Round "6"]
[White "KnightDuta"]
[Black "Itay121"]
[Result "0-1"]
[WhiteElo "2748"]
[BlackElo "2564"]
[TimeControl "180+1"]
[EndTime "15:05:35 PDT"]
[Termination "Itay121 won by checkmate"]

1. e4 Nf6 2. e5 Nd5 3. d4 d6 4. Nf3 Bg4 5. Bc4 e6 6. h3 Bh5 7. c3 dxe5 8. g4 Bg6 9. Nxe5 Nd7 10.
Nxg6 hxg6 11. Qf3 N7b6 12. Bb3 Be7 13. Nd2 c6 14. Ne4 Nf6 15. Ng5 O-O 16. h4 Nfd5 17.
Bd2 a5 18. a4 Rc8 19. O-O-O c5 20. dxc5 Rxc5 21. Qe2 Qc7 22. Kb1 Qc6 23. h5 Bxg5 24.
Bxg5 Nxc3+ 25. bxc3 Rxg5 26. hxg6 Rxg6 27. Qc2 Nd5 28. Rh3 Nf4 29. Rh2 Rc8 30. Rdh1 Kf8 31. Qd2 Qe4+ 32. Ka2 Ke7 33. Rd1 Nd5 34. Bxd5 Qxd5+ 35. Qxd5 exd5 36. Rxd5 Rxg4 37. f3 Rxa4+ 38. Kb3 Rac4 39.
Re2+ Kf6 40. Re3 a4+ 41. Kc2 a3 42. Ra5 b5 43. Rxb5 Ra4 44. Kb1 a2+ 45. Ka1 Rd8 46.
Re1 Rd2 47. Rb2 Rxb2 48. Kxb2 Kf5 49. Ra1 Kf4 50. Kb3 Ra8 51. c4 Kxf3 52. c5 Ke4 53. c6 g5 54. c7 g4 55. Rxa2 Rc8 56. Ra4+ Kf3 57. Rc4 f5 58. Kc3 g3 59. Kd2 g2 60.
Rc3+ Kf2 61. Rc5 g1=Q 62. Rxf5+ Kg2 63. Rg5+ Kf1 64. Rxg1+ Kxg1 65. Ke3 Rxc7 66. Kd4 Rf7 67. Kd5 Rf2 68. Kd6 Kg2 69. Ke5 Rf3 70. Ke6 Kf2 71.
Kd5 Ke3 72. Ke6 Rf4 73. Kd6 Re4 74. Kd5 Kd3 75. Kc6 Rd4 76. Kc5 Kc3 77. Kb5 Rc4 78.
Kb6 Kb4 79. Ka6 Rc6+ 80. Kb7 Kb5 81. Ka7 Rc7+ 82. Kb8 Kb6 83. Ka8 Rc8# 0-1

[Event "Late-Titled-Tuesday-Blitz-April-02-2024"]
[Site "Chess.com"]
[Date "2024.04.02"]
[Round "6"]
[White "Smiechu"]
[Black "Dhaydon19"]
[Result "1-0"]
[WhiteElo "2504"]
[BlackElo "2645"]
[TimeControl "180+1"]
[EndTime "15:05:37 PDT"]
[Termination "Smiechu won by checkmate"]

1. e4 e5 2. Nf3 Nf6 3. Nxe5 d6 4. Nf3 Nxe4 5. Nc3 Nxc3 6. dxc3 Be7 7. Bd3 O-O 8. Bf4 Nc6 9. Qd2 Bf6 10. O-O-O Bg4 11. h3 Bxf3 12. gxf3 Ne5 13. Be4 Qe7 14. Rhe1 Rab8 15.
Be3 Nc4 16. Bxh7+ Kh8 17. Qd5 Nxe3 18. Qh5 Bg5 19. Bd3+ Bh6 20. fxe3 d5 21. Kb1 c6 22. e4 dxe4 23. Rxe4 Qf6 24. Rde1 b5 25. Qg4 a5 26. Re5 b4 27. Qe4 g6 28. h4 bxc3 29. b3 Rb4 30. Bc4 a4 31. h5 axb3 32. axb3 Bd2 33. Rh1 g5 34. Re8 Rb8 35. Rxf8+ Rxf8 36. Bd3 Qh6 37. Qe7 Bf4 38. Re1 c5 39. Qxc5 Bd2 40.
Re2 Rd8 41. Qe7 Rf8 42. Re4 Qg7 43. Rc4 f5 44. Qd6 Qf6 45. Qd7 Qf7 46. Qd4+ Qf6 47. Qd7 Qg7 48. Qd6 g4 49. fxg4 fxg4 50. h6 Qxh6 51. Qxh6+ Bxh6 52. Rxg4 Bd2 53. b4 Rf6 54. Ka2 Rf2 55. Kb3 Rf6 56. b5 Be3 57. Kxc3 Bf2 58. Kb4 Be1+ 59. c3 Rf3 60. Rd4 Bf2 61.
Rc4 Kg7 62. Be4 Rf4 63. Bc6 Rf6 64. Rc5 Rf4+ 65. Rc4 Rf6 66. Re4 Bb6 67. c4 Kf8 68.
c5 Bc7 69. b6 Rxc6 70. bxc7 Rxc7 71. Kb5 Re7 72. Rxe7 Kxe7 73. Kc6 Kd8 74. Kb7 Kd7 75. c6+ Kd6 76. c7 Kc5 77. c8=Q+ Kb4 78. Qc6 Ka5 79. Kc7 Kb4 80. Kd6 Ka5 81. Kd5 Kb4 82. Qc5+ Ka4 83.
Qb6 Ka3 84. Kc4 Ka4 85. Qb4# 1-0

[Event "Late-Titled-Tuesday-Blitz-April-02-2024"]
[Site "Chess.com"]
[Date "2024.04.02"]
[Round "6"]
[White "Revan_2002"]
[Black "RealPerangel"]
[Result "1/2-1/2"]
[WhiteElo "2736"]
[BlackElo "2560"]
[TimeControl "180+1"]
[EndTime "15:05:40 PDT"]
[Termination "Game drawn by repetition"]

1. d4 c5 2. e3 Nf6 3. Nf3 g6 4. dxc5 Qa5+ 5. Nbd2 Qxc5 6. a3 Qc7 7. b4 Bg7 8. Bb2 O-O 9. Be2 b6 10. O-O Bb7 11.
c4 d6 12. Rc1 a5 13. Qb3 axb4 14.
axb4 e5 15. Nb1 Ne4 16. Nfd2 Nd7 17. Nxe4 Bxe4 18. Nc3 Bc6 19. Nd5 Qd8 20. Ra1 Kh8 21. Rxa8 Qxa8 22. Ra1 Qb7 23. Bf3 f5 24. b5 Bxd5 25.
Bxd5 Qc7 26. Qa3 Nc5 27. Qa7 Qd8 28. f4 Bf6 29. fxe5 Bxe5 30. Bxe5+ dxe5 31. Kh1 e4 32. h3 Qf6 33. Rf1 g5 34. Bc6 Qd8 35. Qa1+ Qf6 36. Qxf6+ Rxf6 37. Rd1 f4 38. exf4 Rxf4 39.
Rd8+ Kg7 40. Re8 Kf7 41. Kg1 h6 42. Re5 Kf6 43. Re8 Kf7 44. g3 Rf3 45. Kg2 Rc3 46.
Re5 Rc2+ 47. Kf1 Rxc4 48. Bd5+ Kf6 49. Re8 Rb4 50. Bc6 Rb2 51. Bxe4 Rxb5 52. Bd5 Rb2 53. Rh8 Kg7 54. Rg8+ Kf6 55. Rh8 Kg7 56. Rg8+ Kh7 57.
Rc8 Rd2 58. Bc4 Rd6 59. Be2 Kg7 60. Rc7+ Kf6 61. Kf2 Ne6 62. Rb7 Nd4 63. Bh5 Ke5 64.
Re7+ Re6 65. Rh7 b5 66. Rd7 Rd6 67. Rb7 Kd5 68. Bf7+ Kc5 69. Ke3 Nf5+ 70. Ke4 Rf6 71. Ke5 Nd6 72. Rc7+ Kb6 73. Kxf6 Kxc7 74. Bb3 Ne4+ 75.
Kg6 Nxg3 76. Kxh6 Ne4 77. Bc2 Nf2 78. Bf5 Nxh3 79. Bxh3 b4 80. Kxg5 b3 81. Bf5 b2 82.
Bb1 Kd6 83. Bc2 Kc5 84. Bb1 Kd4 85. Bh7 Ke3 86. Bg6 Kd2 87. Bb1 Kc1 88. Bg6 Kd1 89.
Bb1 Kc1 90. Ba2 Kd2 91. Bb1 Kc1 1/2-1/2

[Event "Late-Titled-Tuesday-Blitz-April-02-2024"]
[Site "Chess.com"]
[Date "2024.04.02"]
[Round "6"]
[White "Sina_Movahed"]
[Black "Hamisandwich"]
[Result "1/2-1/2"]
[WhiteElo "2966"]
[BlackElo "2713"]
[TimeControl "180+1"]
[EndTime "15:05:43 PDT"]
[Termination "Game drawn - insufficient material"]

1. e4 d6 2. d4 g6 3. Nc3 c6 4. h4 Nf6 5. Be2 b5 6. e5 dxe5 7. dxe5 Qxd1+ 8. Nxd1 Ng4 9. f4 h5 10. a4 b4 11. Ne3 Nxe3 12. Bxe3 Bf5 13. O-O-O Nd7 14.
Bf3 a5 15. Ne2 Bg4 16. Bxg4 hxg4 17. Nd4 Rc8 18. Nb3 Ra8 19. Kb1 e6 20. g3 c5 21.
Rh2 c4 22. Nd4 Bc5 23. Re2 Bxd4 24. Rxd4 Rc8 25. Rd6 Nc5 26. Bxc5 Rxc5 27. Red2 O-O 28. R2d4 c3 29. b3 Re8 30. Kc1 Rec8 31. Kd1 R8c7 32.
Ke2 Kg7 33. Kd3 g5 34. hxg5 Rc8 35. Rd8 Rxd8 36. Rxd8 Rc7 37. Ra8 Rd7+ 38. Kc4 Rd2 39. Rxa5 Rxc2 40. Kxb4 Rg2 41. Rc5 Rxg3 42. a5 Re3 43. a6 g3 44. a7 g2 45. a8=Q g1=Q 46. Rc8 Kg6 47. Qc6 Qe1 48. Kb5 Qb1 49. Qc4 c2 50.
Qxc2+ Qxc2 51. Rxc2 Rxb3+ 52. Kc6 Rb4 53. Rf2 Rd4 54.
Kc5 Rd5+ 55. Kc6 Kf5 56. Rf1 Rd4 57. Rg1 Kxf4 58. Rf1+ Kxe5 59. Rxf7 Rg4 60. Rg7 Kf5 61. Kd6 Rd4+ 62. Kc5 Rg4 63. Kd6 Rd4+ 64. Kc5 Rd5+ 65. Kc6 Rd1 66. g6 Kf6 67. Rg8 e5 68. Re8 Rg1 69.
Kd5 Rd1+ 70. Kc5 Rd7 71. Kc6 Ra7 72. Kd5 Ra6 73. g7 Ra5+ 74. Ke4 Kxg7 75. Rxe5 Rxe5+ 76. Kxe5 1/2-1/2

[Event "Late-Titled-Tuesday-Blitz-April-02-2024"]
[Site "Chess.com"]
[Date "2024.04.02"]
[Round "6"]
[White "IMRosen"]
[Black "Joshuachick"]
[Result "1-0"]
[WhiteElo "2688"]
[BlackElo "2871"]
[TimeControl "180+1"]
[EndTime "15:05:46 PDT"]
[Termination "IMRosen won by resignation"]

1. d4 g6 2. e4 Bg7 3. Nf3 d6 4. Bc4 Nf6 5. Qe2 O-O 6. e5 dxe5 7. dxe5 Ng4 8. h3 Nh6 9. O-O Nc6 10. Rd1 Qe8 11. Nc3 Be6 12. Bxe6 fxe6 13. Ng5 Rf5 14. f4 Rxg5 15. fxg5 Nf7 16. Bf4 Ncxe5 17. Nb5 Qc6 18.
Nd4 Qb6 19. c3 Rf8 20. Be3 c5 21. Nb3 Qc6 22. Nxc5 Nxg5 23. Bxg5 Qxc5+ 24. Be3 Qc6 25. Rf1 Rc8 26. Bd4 Nc4 27. Bxg7 Kxg7 28. b3 Qc5+ 29. Kh1 Ne3 30. Rf3 Nf5 31. Qxe6 h5 32. Re1 Rc6 33.
Qe5+ Qxe5 34. Rxe5 h4 35. Kg1 Rd6 36. Kf2 Kf6 37.
Re2 Rd1 38. c4 b6 39. Rc2 Kg5 40. Ke2 Rg1 41. Kd3 e5 42. Rd2 Kf6 43. b4 Re1 44. Re2 Rb1 45. Kc3 Ke6 46. Kc2 Rxb4 47. Kc3 Ra4 48. Rf4 Ra5 49. Rfe4 Kf6 50. Rg4 Rc5 51. Kb4 g5 52. Rge4 Nd6 53. Rf2+ Ke6 54. Rg4 e4 55. Re2 a5+ 56. Kb3 a4+ 57. Kxa4 Rxc4+ 58. Kb3 Kf5 59. Rd2 Rc6 60. Rf2+ Kg6 61. g3 hxg3 62.
Rxg3 Kh5 63. Rfg2 Nf7 64. Rg4 Re6 65. Re2 e3 66. Rg3 Nd6 67. Rgxe3 Rf6 68. Re6 Rf3+ 69. R2e3 Rxe3+ 70. Rxe3 Kh4 71. a4 Nf5 72. Rc3 Ng3 73. Kb4 Kxh3 74. Kb5 Kh2 75. Kxb6 g4 76. a5 Ne4 77. Rc2+ Kh3 78. a6 Nd6 79. a7 g3 80. a8=Q 1-0

[Event "Late-Titled-Tuesday-Blitz-April-02-2024"]
[Site "Chess.com"]
[Date "2024.04.02"]
[Round "6"]
[White "Slovineanu"]
[Black "PonyQueen07"]
[Result "1-0"]
[WhiteElo "2467"]
[BlackElo "2266"]
[TimeControl "180+1"]
[EndTime "15:05:47 PDT"]
[Termination "Slovineanu won on time"]

1. d4 Nf6 2. Nf3 e6 3. c4 Bb4+ 4. Nbd2 b6 5. a3 Bxd2+ 6. Qxd2 Bb7 7. e3 d6 8. Bd3 Nbd7 9. O-O Ne4 10. Qc2 f5 11. b4 O-O 12. Bb2 Ndf6 13. Nd2 Nxd2 14.
Qxd2 Ne4 15. Qe2 Qg5 16. f3 Nf6 17. Rac1 Nh5 18. Rc2 Rae8 19. c5 dxc5 20. dxc5 Bd5 21. Be5 f4 22. exf4 Nxf4 23. Bxf4 Qxf4 24. cxb6 cxb6 25.
Bc4 Qd4+ 26. Qf2 Qxf2+ 27. Kxf2 Rc8 28. Rfc1 Bxc4 29. Rxc4 Rxc4 30. Rxc4 g6 31. Ke3 Rf7 32.
Ke4 Kg7 33. Ke5 Re7 34. h4 Kf7 35. Rf4+ Ke8 36. g4 Kd7 37. Rd4+ Ke8 38. b5 Kf7 39. Rf4+ Ke8 40. Rf6 Kd7 41. g5 Re8 42.
f4 Re7 43. h5 gxh5 44. Rh6 Rf7 45. a4 h4 46. Rxh4 Rf5+ 47. Ke4 Rf7 48. Rh6 Kd6 49. Rh1 Ke7 50. Rc1 Kd8 51. Rc4 Kd7 52. Rd4+ Ke7 53.
Rc4 Kd7 54. Rc3 Ke7 55. Rc7+ Ke8 56. Rc8+ Kd7 57. Ra8 Kd6 58. Rg8 Kc5 59. Ke5 Kb4 60. Kxe6 Rxf4 61. Rg7 Rg4 62. Kf5 Rg1 63. Rxa7 Rf1+ 64.
Kg4 Rg1+ 65. Kf5 Rf1+ 66. Ke6 Rg1 67. Kf6 Rf1+ 68. Kg7 Rg1 69. Kf6 Rf1+ 70. Ke7 Rg1 71. Kd6 Rxg5 72. Kc6 Rg6+ 73. Kb7 Rg7+ 74. Ka6 Rg6 75.
Rxh7 Kxa4 76. Rh4+ Kb3 77. Re4 Kc3 78. Re8 Kb4 79.
Rb8 Kc5 80. Rc8+ Kb4 81. Rc6 Rg8 82. Rxb6 Rg5 83. Rb7 1-0

[Event "Late-Titled-Tuesday-Blitz-April-02-2024"]
[Site "Chess.com"]
[Date "2024.04.02"]
[Round "6"]
[White "albi1999"]
[Black "arturdailima"]
[Result "1-0"]
[WhiteElo "2613"]
[BlackElo "2400"]
[TimeControl "180+1"]
[EndTime "15:05:52 PDT"]
[Termination "albi1999 won by resignation"]

1. Nf3 Nf6 2. c4 g6 3. b3 Bg7 4.
Bb2 O-O 5. e3 b6 6. Nc3 Bb7 7.
d4 Ne4 8. Be2 d6 9. O-O Nd7 10.
Rc1 c5 11. Nxe4 Bxe4 12. Qd2 Qc7 13. d5 Bxf3 14. gxf3 Bxb2 15. Qxb2 e5 16. dxe6 fxe6 17. f4 Rad8 18. Rcd1 e5 19. fxe5 Nxe5 20. f4 Nc6 21. Bf3 Ne7 22. Rd3 d5 23. cxd5 Nf5 24.
d6 Rxd6 25. Rfd1 Rxd3 26. Rxd3 Qg7 27. Qxg7+ Kxg7 28. Bg4 Rf7 29. Bxf5 gxf5 30. Kf2 Kf6 31. Rd6+ Ke7 32. Rh6 Kd7 33. Kg3 Kc7 34. Kh4 Re7 35.
Kg5 Rxe3 36. Rxh7+ Kd6 37. Kxf5 b5 38. Rxa7 c4 39.
bxc4 bxc4 40. Ra8 c3 41. Rc8 Kd5 42. h4 Kd4 43. Rd8+ Kc4 44. h5 c2 45. Rc8+ Kd3 46. h6 Kd2 47. Kg4 Rc3 48. Rxc3 Kxc3 49. h7 c1=Q 50.
h8=Q+ Kd3 51. Qd8+ Ke3 52. Qb6+ Ke2 53. Qb5+ Kf2 54. Qb3 Qg1+ 55. Kf5 Qg7 56. Qd5 Qf8+ 57. Ke4 Qe7+ 58. Kd4 Qe3+ 59. Kc4 Qc1+ 60. Kb5 Qxf4 61. Qc5+ Kf1 62. a4 Qb8+ 63. Qb6 Qe5+ 64. Qc5 Qb8+ 65.
Kc4 Qf4+ 66. Qd4 Qc7+ 67. Kb3 Qb7+ 68. Qb4 Qf3+ 69. Qc3 Qb7+ 70. Ka3 Qe7+ 71. Kb2 Qb7+ 72. Qb3 Qg7+ 73. Ka2 Qg2+ 74. Ka1 Qd2 75. Qb1+ Ke2 76. Qb2 Qxb2+ 77. Kxb2 Kd3 78. a5 1-0

[Event "Late-Titled-Tuesday-Blitz-April-02-2024"]
[Site "Chess.com"]
[Date "2024.04.02"]
[Round "6"]
[White "carloseduar100"]
[Black "OriTaichman"]
[Result "1-0"]
[WhiteElo "2235"]
[BlackElo "2545"]
[TimeControl "180+1"]
[EndTime "15:05:55 PDT"]
[Termination "carloseduar100 won by checkmate"]

1. g3 g6 2. Bg2 Bg7 3. Nf3 Nf6 4. O-O O-O 5. d4 d6 6. c3 c6 7. Re1 Qa5 8. e4 Qh5 9. e5 Nd5 10. exd6 exd6 11. Na3 Bh3 12. Nc4 Rd8 13. Bg5 Bxg2 14.
Kxg2 f6 15. Bd2 b5 16. Ne3 Nxe3+ 17. Rxe3 Qd5 18. Qb3 Kf7 19. Qxd5+ cxd5 20. Rae1 Nc6 21. h4 a5 22. a3 a4 23. R3e2 Re8 24. Bf4 Rxe2 25. Rxe2 Rd8 26. Nd2 h5 27. Nf1 Ne7 28. b3 axb3 29. Rb2 Ke6 30. Rxb3 Ra8 31. Rxb5 Rxa3 32. Rb6 Nc8 33. Rc6 Kd7 34. Rxc8 Kxc8 35. Bxd6 Rxc3 36. Ne3 Rd3 37. Bc5 f5 38. Nxd5 Bxd4 39.
Bxd4 Rxd4 40. Ne7+ Kd7 41. Nxg6 Rd6 42. Nf4 Rh6 43. Kf3 Kd6 44. Nd3 Ke6 45. Kf4 Kf6 46. Nc5 Rh7 47. Nd3 Rd7 48. Ke3 Ra7 49. Nf4 Ra3+ 50. Ke2 Ra2+ 51. Kf3 Ra3+ 52. Kg2 Ke5 53. Nxh5 Ra8 54. Nf4 Kf6 55. Nh3 Rb8 56. Kf3 Rb3+ 57. Kg2 Rb2 58. Nf4 Ra2 59. Nd5+ Ke5 60.
Ne3 Kf6 61. Kf3 Ra3 62. Kg2 Ra2 63. Nf1 Ke5 64. Nh2 Ke4 65. Nf3 Ra3 66. Ng5+ Ke5 67.
f3 Ra2+ 68. Kh3 f4 69. Kg4 Rg2 70. Ne4 fxg3 71. Nxg3 Rg1 72. h5 Kf6 73. f4 Kg7 74. Kf3 Ra1 75. Kg4 Ra3 76. Ne4 Kh7 77. Ng5+ Kh6 78. Nf7+ Kg7 79. Ne5 Ra4 80. Kg5 Ra1 81. h6+ Kh7 82. Nf7 Rg1+ 83. Kf6 Rf1 84. f5 Kg8 85. Ng5 Rf2 86. Kg6 Rf1 87. h7+ Kh8 88. Nf7# 1-0

[Event "Late-Titled-Tuesday-Blitz-April-02-2024"]
[Site "Chess.com"]
[Date "2024.04.02"]
[Round "6"]
[White "dropstoneDP"]
[Black "Hrant_ChessMood"]
[Result "1/2-1/2"]
[WhiteElo "2986"]
[BlackElo "2938"]
[TimeControl "180+1"]
[EndTime "15:06:01 PDT"]
[Termination "Game drawn by repetition"]

1. e4 e5 2. Nf3 Nc6 3. Bc4 Nf6 4. d3 Be7 5. Nc3 O-O 6. a3 d6 7. h3 Na5 8. Ba2 c5 9. Nd5 Nc6 10. c3 Nxd5 11. Bxd5 Be6 12. Bxe6 fxe6 13. h4 Qd7 14. Ng5 Bxg5 15. hxg5 Qf7 16. Be3 Qg6 17. Qh5 Qxh5 18. Rxh5 b5 19. b4 cxb4 20. axb4 a5 21. bxa5 Rxa5 22. Rxa5 Nxa5 23. Kd2 Nc6 24. Rh1 Ra8 25. Rb1 Ra2+ 26. Ke1 Ra3 27. Kd2 Ra2+ 28. Kd1 Ra3 29. Bd2 Na7 30. Be3 Nc6 31. Rxb5 Rxc3 32. Kd2 Ra3 33.
Rb6 Ra2+ 34. Kc3 Nd4 35. Bxd4 exd4+ 36. Kxd4 Rxf2 37. Rxd6 Rxg2 38. Ke5 Rxg5+ 39. Kxe6 h5 40. Rd5 Rg6+ 41. Kf5 Rg1 42. Kf4 h4 43. Kf3 g5 44.
Kf2 Rg3 45. Rf5 Kg7 46. e5 Kg6 47. e6 Kxf5 48. e7 Rxd3 49. e8=Q Rg3 50. Qd7+ Kf6 51. Qd6+ Kf5 52. Qe7 Kg6 53. Qe6+ Kg7 54. Qe8 Kf6 55. Qd7 Kg6 56. Qe7 Kf5 57. Qd6 Kg4 58. Qd7+ Kf4 59. Qe6 Rf3+ 60. Kg2 Rg3+ 61. Kh2 Kf3 62. Qd5+ Kf4 63.
Qd6+ Kf3 64. Qc6+ Kf4 65. Qd5 Ke3 66. Qf5 Ke2 67. Qc2+ Kf3 68. Qf5+ Ke3 69. Qf8 Ke4 70. Qf6 Ke3 71. Qf5 Kd4 72. Qe6 Kd3 73. Qe5 Kd2 74.
Qe4 Kd1 75. Qa4+ Ke2 76. Qc4+ Ke3 77. Qd5 Kf4 78. Qe6 Kf3 79. Qe5 Rg2+ 80. Kh1 Rg3 81. Qf5+ Ke3 82. Qf8 Rh3+ 83. Kg2 Rg3+ 84. Kh2 Ke4 85.
Qf6 Ke3 86. Qf5 1/2-1/2

[Event "Late-Titled-Tuesday-Blitz-April-02-2024"]
[Site "Chess.com"]
[Date "2024.04.02"]
[Round "6"]
[White "TanitoluwaAps116"]
[Black "subham777"]
[Result "1-0"]
[WhiteElo "2796"]
[BlackElo "2560"]
[TimeControl "180+1"]
[EndTime "15:06:04 PDT"]
[Termination "TanitoluwaAps116 won by resignation"]

1. e4 e6 2. d4 d5 3. exd5 exd5 4. Nf3 Nf6 5. Bd3 Bd6 6. O-O O-O 7. h3 h6 8. Nc3 Re8 9. Nb5 Bf8 10. Bf4 Na6 11.
a3 c6 12. Nc3 Nc7 13. Qd2 Ne6 14. Be5 a6 15. Rae1 b5 16. Ne2 c5 17. c3 Ne4 18.
Qc2 Bb7 19. Ng3 cxd4 20. cxd4 Rc8 21. Qb1 f6 22. Nxe4 dxe4 23. Rxe4 fxe5 24. Nxe5 Bxe4 25. Bxe4 Ng5 26. Qa2+ Re6 27. Bd5 Rc4 28. Bxe6+ Nxe6 29. Nxc4 Qd5 30. b3 bxc4 31. bxc4 Qxd4 32. c5 Qe5 33. c6 Bd6 34. f4 Qe3+ 35. Kh1 Kh8 36.
Qd5 Qc5 37. Qxe6 Qxc6 38. f5 Qc5 39. f6 gxf6 40. Qxf6+ Kh7 41. Qf5+ Kh8 42. Qxc5 Bxc5 43. a4 Bb4 44. Rf5 a5 45. Rb5 Kg7 46. Kg1 Kf6 47.
Kf1 Ke6 48. Ke2 Kd6 49. Kf3 Kc6 50. Kg4 Bd2 51. Kh5 Kd6 52. g3 Bc1 53. g4 Bd2 54.
h4 Ke6 55. Rf5 Bc1 56. Rb5 Bd2 57. g5 hxg5 58. hxg5 Kf7 59. Kg4 Kg6 60. Rb6+ Kg7 61.
Kf5 Be3 62. Rb5 Bd2 63. Rb7+ Kf8 64. g6 Bc3 65. Rb5 Kg7 66. Ke6 Kxg6 67. Kd5 Kf6 68. Kc4 Bd2 69. Rd5 Bb4 70. Kb5 Ke6 71. Rd4 Bc3 72.
Rd3 Bb4 73. Rb3 Bd2 74. Rb2 Bc3 75. Rc2 Bb4 76. Kc6 Ke5 77. Rc4 Bd2 78. Kb5 Be1 79. Kc6 Bb4 80. Kb6 Kd5 81. Rc8 Kd4 82. Kb5 Kd3 83.
Rc4 Bd2 84. Rc5 Bc3 85. Kc6 Bb4 86. Rd5+ Kc4 87. Rh5 Kb3 88. Kb5 Ka3 89. Rh3+ Kb2 90. Kc4 Kc2 91. Rh2+ Kd1 92. Kd5 Ke1 93. Kc6 Kd1 94. Kb6 Kc1 95. Rh5 Kb2 96. Rxa5 Kb3 97. Kb5 Bc3 98. Ra8 1-0

[Event "Late-Titled-Tuesday-Blitz-April-02-2024"]
[Site "Chess.com"]
[Date "2024.04.02"]
[Round "6"]
[White "WilsonPalencia21"]
[Black "rasmussvane"]
[Result "1/2-1/2"]
[WhiteElo "2590"]
[BlackElo "2884"]
[TimeControl "180+1"]
[EndTime "15:06:23 PDT"]
[Termination "Game drawn by repetition"]

1. d4 Nf6 2. c4 e6 3. Nf3 Bb4+ 4. Nbd2 O-O 5. a3 Be7 6. e4 d6 7.
Qc2 Nfd7 8. Bd3 e5 9. d5 a5 10. Nf1 a4 11. Ne3 Nc5 12. Bd2 g6 13. g4 Nba6 14.
h4 Nxd3+ 15. Qxd3 Nc5 16. Qc2 f5 17. gxf5 gxf5 18. exf5 Qe8 19. O-O-O Qh5 20. Rdg1+ Kh8 21. Ng5 Bf6 22. Kb1 e4 23. Bc3 Bd7 24. Bxf6+ Rxf6 25. Nxe4 Nxe4 26. Qxe4 Bxf5 27. Nxf5 Qxf5 28. Re1 Raf8 29. Qxf5 Rxf5 30. Re7 R8f7 31. Re8+ Kg7 32. Rg1+ Kh6 33. Re6+ Kh5 34. f4 h6 35. Rgg6 Kxh4 36. Rxh6+ Kg4 37. Rh8 Rxf4 38. Rg8+ Kf3 39. c5 dxc5 40. d6 cxd6 41.
Rxd6 Rd4 42. Rb6 Ke2 43. Rb8 Rf1+ 44. Ka2 Rdd1 45. Re6+ Kd3 46. Rd8+ Kc4 47. Rxd1 Rxd1 48. Rb6 Rd7 49. Kb1 Rh7 50. Ka2 Kd5 51. Kb1 Rc7 52.
Ka2 Kd4 53. Kb1 Kd3 54. Rd6+ Kc4 55. Rb6 Rd7 56. Kc2 Re7 57. Kb1 Rf7 58. Kc2 Rd7 59.
Kb1 Kd3 60. Kc1 Re7 61. Rd6+ Kc4 62. Rb6 Kd5 63. Kc2 Rf7 64. Kb1 c4 65. Rb4 Kc5 66.
Rxa4 b5 67. Ra8 Rd7 68. Rc8+ Kb6 69. Ka2 Kb7 70. Rc5 Kb6 71. Rh5 Rd6 72. Kb1 Ka5 73. Kc2 Ka4 74. Rh8 Ra6 75. Rb8 Ra7 76. Kc3 Ka5 77.
Kc2 Rg7 78. Ra8+ Kb6 79. Rb8+ Kc6 80. Rc8+ Kb7 81. Rd8 Rg2+ 82. Kb1 Rg3 83. Kc2 Kb6 84. Rd6+ Kc5 85. Rd8 Rg2+ 86. Kc1 Rh2 87. Kb1 Kb6 88. Kc1 Rg2 89. Rd7 Ka5 90. Rd8 Ka4 91. Rb8 Rh2 92.
Rb7 Rf2 93. Rb8 Rf1+ 94. Kc2 Rf2+ 95. Kc1 Rf5 96. Kc2 Rf2+ 97. Kc1 1/2-1/2

[Event "Late-Titled-Tuesday-Blitz-April-02-2024"]
[Site "Chess.com"]
[Date "2024.04.02"]
[Round "6"]
[White "KaydenTroffChess"]
[Black "Njal28"]
[Result "1/2-1/2"]
[WhiteElo "2849"]
[BlackElo "3049"]
[TimeControl "180+1"]
[EndTime "15:08:23 PDT"]
[Termination "Game drawn by 50-move rule"]

1. d4 Nf6 2. Nf3 d5 3. Bf4 c5 4. e3 Nc6 5. Nc3 cxd4 6. Nxd4 a6 7. Be2 e6 8. O-O Bd6 9. Bg5 O-O 10. Nxc6 bxc6 11.
e4 h6 12. Bh4 Be7 13. e5 Nd7 14. Bg3 Rb8 15. Rb1 c5 16. f4 Bb7 17. Bf3 c4 18. f5 d4 19. Ne2 d3 20. cxd3 cxd3 21.
Nf4 Bxf3 22. Qxf3 Nxe5 23. Qe4 Bf6 24. fxe6 Rb5 25. Kh1 d2 26. Rbd1 Rxb2 27. Nh5 Qd3 28. Nxf6+ gxf6 29. Qh4 fxe6 30. Qxh6 Qg6 31. Qe3 Ng4 32.
Qxe6+ Kh8 33. Rf4 Nh6 34. Re4 Rb1 35. Rxb1 Qh5 36. Rg1 d1=Q 37. Ree1 Qdg4 38. Qe7 Qg7 39. Bd6 Qxe7 40. Bxe7 Rf7 41. Rgf1 Ng4 42. h3 Ne5 43.
Bd6 Ng6 44. Bb4 Kh7 45. Bc3 Rg7 46. Bxf6 Rg8 47. Rd1 Nh4 48. Rd7+ Kh6 49. Bd4 Nf5 50. Be5 Rg6 51. Bf4+ Rg5 52. Rb7 Kg6 53. Rb6+ Kg7 54.
Bxg5 Qxg5 55. Rf3 Ng3+ 56. Kh2 Ne4 57. Rxa6 Qe5+ 58. Kh1 Qa1+ 59. Kh2 Qe5+ 60. Kh1 Qc5 61. Raa3 Qc1+ 62. Kh2 Qc7+ 63. Kh1 Qb6 64. Rae3 Qb1+ 65.
Kh2 Qb8+ 66. Kh1 Kg6 67. Re1 Qe5 68. Rfe3 Nf2+ 69. Kg1 Qb2 70. R3e2 Nxh3+ 71. gxh3 Qd4+ 72. Kh1 Qd5+ 73. Rg2+ Kh5 74. Kh2 Qd6+ 75. Kh1 Qd5 76.
Rg1 Kh4 77. Kh2 Qd6+ 78. Rg3 Qf4 79. Rg2 Qb8 80. a4 Qe5 81. Kh1 Qe1+ 82. Kh2 Qe5 83. a5 Qxa5 84. Rg4+ Kh5 85. Rf4 Qe5 86. Rf2 Qd6 87. Kg2 Qd5+ 88. R2f3 Qd2+ 89. Kg3 Qe1+ 90. Rf2 Qg1+ 91. Kf3 Qd1+ 92. Kg2 Qd5+ 93. Kg1 Qd1+ 94. Rf1 Qd2 95. R4f2 Qe3 96. Kh2 Qe5+ 97. Kg2 Qe4+ 98. Rf3 Kh4 99. Kg1 Qd4+ 100. Kh2 Qd6+ 101. Rf4+ Kg5 102. Kg3 Qc7 103. Rf3 Kh5 104. h4 Qg7+ 105. Kh3 Qd7+ 106. Rf5+ Kg6 107. Kg4 Qd4+ 108. Kh3 Qd7 109. h5+ Kh6 110. Kh4 Qd4+ 111. R5f4 Qd8+ 112. Rf6+ Kg7 113. h6+ Kh7 114. Kh5 Qe8+ 115. Rf7+ Kh8 116. Kg5 Qd8+ 117. Kg6 Qe8 118. Rf4 Qe6+ 119. R7f6 Qe8+ 120. Kg5 Qe5+ 121. Kh4 Qe7 122. Kh3 Qe3+ 123. Kg4 Qe2+ 124. Kg5 Qe7 125. Kg6 Qe8+ 126. Rf7 Qe6+ 127. Kh5 Qe8 128. Rf5 Qe2+ 129. Kg6 Qe6+ 130. R7f6 Qe8+ 131. Kg5 Qe3+ 132. Rf4 Qg3+ 133. Kf5 Kh7 134. Rg4 Qf3+ 135. Kg5 Qe3+ 136. Kh4 Qe8 137. Rg7+ Kh8 138. Rgf7 Qe1+ 139. Rf2 Qe4+ 140. Kh5 Qd5+ 141. R7f5 Qh1+ 142. Kg6 Qc6+ 143. Rf6 Qe4+ 144. Kf7 Qb7+ 145. Kg6 Qe4+ 146. Kg5 Qd5+ 147. Kg4 Qe4+ 148. Kg3 Qe3+ 149. Kh4 Qe4+ 150. R6f4 Qe7+ 151. Kh5 Qe8+ 152. Rf7 Qe5+ 153. Kg4 Qe4+ 154. R7f4 Qg6+ 155. Kh3 Qd3+ 156. R2f3 Qd7+ 157. Kh2 Qd2+ 158. Rf2 Qd6 159. Kg2 Qd5+ 160. Kg3 Qe5 161. Kg4 Qe6+ 162. Kh5 Qd5+ 163. Rf5 1/2-1/2

[Event "Late-Titled-Tuesday-Blitz-April-02-2024"]
[Site "Chess.com"]
[Date "2024.04.02"]
[Round "7"]
[White "AktilekAskarovich"]
[Black "Defend1r"]
[Result "0-1"]
[WhiteElo "2437"]
[BlackElo "2648"]
[TimeControl "180+1"]
[EndTime "15:10:51 PDT"]
[Termination "Defend1r won by resignation"]

1. d4 Nf6 2. c4 e6 3. Nf3 b6 4. a3 Ba6 5. Qc2 Bb7 6. Nc3 c5 7. e4 cxd4 8. Nxd4 Bc5 9. Nf3 Ng4 10. Nd1 Nc6 11. h3 Nge5 12. Nxe5 Nxe5 13. b4 Bd4 14.
Bb2 Bxb2 15. Qxb2 Qf6 16. f3 Rc8 17. Rc1 O-O 18. Be2 d5 19. exd5 exd5 20. c5 d4 21. Bd3 Nxd3+ 0-1

[Event "Late-Titled-Tuesday-Blitz-April-02-2024"]
[Site "Chess.com"]
[Date "2024.04.02"]
[Round "7"]
[White "DreamsAreFake"]
[Black "ahkashefi2800"]
[Result "0-1"]
[WhiteElo "2736"]
[BlackElo "2615"]
[TimeControl "180+1"]
[EndTime "15:11:24 PDT"]
[Termination "ahkashefi2800 won by resignation"]

1. Nf3 c5 2. g3 g6 3. Bg2 Bg7 4. c3 Nf6 5. d4 O-O 6. O-O d6 7. a4 Nc6 8. Bf4 Bg4 9. h3 Bxf3 10. Bxf3 cxd4 11. cxd4 Qb6 12. Nc3 Nxd4 13. Bg2 Qxb2 14.
Qd3 Qxc3 15. Qxc3 Nxe2+ 16. Kh2 Nxc3 17. Rac1 Ne2 0-1

[Event "Late-Titled-Tuesday-Blitz-April-02-2024"]
[Site "Chess.com"]
[Date "2024.04.02"]
[Round "7"]
[White "PNEPaul"]
[Black "expii"]
[Result "1/2-1/2"]
[WhiteElo "1978"]
[BlackElo "2219"]
[TimeControl "180+1"]
[EndTime "15:11:26 PDT"]
[Termination "Game drawn by repetition"]

1. e4 c5 2. Nf3 d6 3. d4 cxd4 4. c3 dxc3 5. Nxc3 Nf6 6. Bc4 g6 7. Bg5 Bg7 8. e5 dxe5 9. Qxd8+ Kxd8 10. Nxe5 Ke8 11. Bxf7+ Kf8 12. Bb3 Nc6 13. Nf7 Rg8 14. Nh6 Rh8 15. Nf7 Rg8 16. Nh6 Rh8 17. Nf7 1/2-1/2

[Event "Late-Titled-Tuesday-Blitz-April-02-2024"]
[Site "Chess.com"]
[Date "2024.04.02"]
[Round "7"]
[White "GoltsevDmitry2000"]
[Black "Slovineanu"]
[Result "1-0"]
[WhiteElo "2784"]
[BlackElo "2465"]
[TimeControl "180+1"]
[EndTime "15:11:43 PDT"]
[Termination "GoltsevDmitry2000 won by resignation"]

1. d4 Nf6 2. Nc3 d5 3. Bf4 a6 4. e3 e6 5. Nf3 c5 6. Ne5 Nbd7 7. g4 Nxe5 8. dxe5 Nd7 9. h4 b5 10. Bg2 Bb7 11. Qd2 Qc7 12. Nxd5 exd5 13. e6 Ne5 14. exf7+ Kd8 15. Bxd5 Bxd5 16. Qxd5+ Bd6 17. Qxa8+ 1-0

[Event "Late-Titled-Tuesday-Blitz-April-02-2024"]
[Site "Chess.com"]
[Date "2024.04.02"]
[Round "7"]
[White "DrKerfuffle"]
[Black "jcibarra"]
[Result "0-1"]
[WhiteElo "2796"]
[BlackElo "2971"]
[TimeControl "180+1"]
[EndTime "15:12:05 PDT"]
[Termination "jcibarra won by resignation"]

1. e4 Nc6 2. Nf3 d6 3. Bb5 Nf6 4. Bxc6+ bxc6 5. e5 Ng4 6. Qe2 Nh6 7. h3 g6 8. b3 Bg7 9. Bb2 O-O 10. O-O c5 11.
Na3 Bb7 12. Rfe1 Nf5 13. Rad1 e6 14. Nc4 a5 15. a4 Ra6 16. Bc3 Qa8 17. exd6 cxd6 18.
Bxg7 Kxg7 19. g4 Bxf3 0-1